 Dungeon Crawl Stone Soup version 0.22.1 (webtiles) character file.

42 Fang the Skirmisher (level 3, -1/36 HPs)
             Began as a Gargoyle Berserker on Sept 18, 2018.
             Was a Believer of Trog.
             Slain by an iguana (12 damage)
             ... on level 2 of the Dungeon.
             The game lasted 00:02:11 (1296 turns).

Fang the Skirmisher (Gargoyle Berserker)            Turns: 1296, Time: 00:02:11

Health: -1/36      AC:  5    Str: 26    XL:     3   Next: 56%
Magic:  3/3        EV: 12    Int:  7    God:    Trog [**....]
Gold:   91         SH:  0    Dex:  9    Spells: 2/2 levels left

rFire    . . .     SeeInvis .   a - +0 hand axe
rCold    . . .     Gourm    .   (no shield)
rNeg     + . .     Faith    .   b - +0 animal skin
rPois    ∞         Spirit   .   (no helmet)
rElec    +         Reflect  .   (no cloak)
rCorr    +         Harm     .   (no gloves)
MR       .....                  (no boots)
Stlth    ..........             (no amulet)
HPRegen  0.12/turn              g - ring of resist corrosion
MPRegen  0.08/turn              l - ring of flight

@: berserking, very quick
A: negative energy resistance 1, electricity resistance, unbreathing,
petrification resistance, rot immunity, AC +3
a: Berserk, Trog's Hand, Renounce Religion, Evoke Flight


You were on level 2 of the Dungeon.
You worshipped Trog.
Trog was pleased with you.
You were near starving.

You visited 1 branch of the dungeon, and saw 2 of its levels.

You collected 91 gold pieces.

Inventory:

Hand Weapons
 a - a +0 hand axe (weapon)
Armour
 b - a +0 animal skin (worn)
Jewellery
 g - a ring of resist corrosion (left hand)
 l - a ring of flight (right hand)
Scrolls
 e - a scroll of enchant armour {unknown}
 f - a scroll of immolation {unknown}
 i - a scroll of teleportation {unknown}
 j - a scroll of noise {unknown}
 m - a scroll of remove curse {unknown}
Potions
 d - 3 potions of curing {unknown}
 h - a potion of lignification {unknown}
 k - a potion of brilliance {unknown}
Comestibles
 c - 3 rations


   Skills:
 + Level 3.7 Fighting
 + Level 3.4 Axes
 + Level 2.3 Armour
 + Level 2.0 Dodging
 + Level 0.2 Stealth


You had 2 spell levels left.
You didn't know any spells.
Your spell library was empty.

Dungeon Overview and Level Annotations

Branches:
Dungeon (2/15)

Altars:


Innate Abilities, Weirdness & Mutations

You are resistant to torment.
Your stone body is resilient. (AC +3)
You are immune to poison.
You resist negative energy. (rN+)
You are resistant to electric shocks. (rElec)
You can survive without breathing.
You are immune to petrification.
You are immune to rotting.


Message History

You are too injured to fight recklessly!
A red film seems to cover your vision as you go berserk!
You feel yourself moving faster!
You feel mighty!
You are near starving!
The frilled lizard bites you but does no damage.
The giant cockroach barely misses you. The iguana barely misses you.
You barely miss the iguana. You miss the frilled lizard.
You hit the giant cockroach.
The giant cockroach bites you but does no damage.
The frilled lizard barely misses you.
Unknown command.
You closely miss the iguana. You hit the frilled lizard.
You kill the frilled lizard!
Trog accepts your kill.
You slash the giant cockroach!
You kill the giant cockroach!
Trog accepts your kill. The iguana bites you.
You hit the iguana but do no damage. The iguana bites you!
You die...

###.####...###.....).........(...
#>...'.....................###.
######...####.############..##.
########'##### ##.##. #.........#
.##. #.........#### #..#.
#............. ...#.
##...%.....### #.#. #.....†@...#
#... #...##l....# #...
#.?##S##...# #... #.##.# #..#
##.# #..#.[l #.# # #.#.#.. .#
##... # ##


You could see an iguana and an adder.

Vanquished Creatures
  An adder (D:2)
  A leopard gecko (D:1)
  2 ball pythons (D:1)
  A bat (D:1)
  5 giant cockroaches
  4 hobgoblins
  A kobold (D:1)
  3 frilled lizards
  5 goblins
  7 rats
30 creatures vanquished.

Notes
Turn   | Place    | Note
-------+----------+-------------------------------------------
     0 | D:1      | Fang the Gargoyle Berserker began the quest for the Orb.
     0 | D:1      | Reached XP level 1. HP: 14/14 MP: 1/1
   201 | D:1      | Reached XP level 2. HP: 2/19 MP: 2/2
   909 | D:1      | Reached XP level 3. HP: 20/24 MP: 3/3
  1087 | D:2      | Reached ** piety under Trog
  1296 | D:2      | Slain by an iguana

Skill      XL: |  1  2  3 |
---------------+----------+-----
Axes           | 3 |  3.4
Dodging        | 2 |  2.0
Fighting       | |  3.7
Armour         | |  2.3
Stealth        | |  0.2

Action                   || total
-------------------------++-------
Melee: Hand axe          ||   106
Invok: Berserk           ||     2
 Stab: Sleeping          ||     1
  Eat: Chunk             ||     1
Armor: Animal skin       ||    33
Dodge: Dodged            ||    76
